AoeStats
← Jarothi

Fortress

509805903Analyzed
4v4 RM · 4d ago on Sep 28, 2026· 47m 26s· 8 players
Game mode
Random Map
Map size
Huge
Population
200
Speed
Normal
Resources
Standard
Victory
Conquest
Starting age
Dark Age
Ending age
Imperial Age
RankedLock teamsTeams togetherTeam positionsShared explorationLock speedFull tech treeHidden civsTurbo modeCheats
Victory
Defeat
🇨🇴 Mapuche · Colombia
1062
+15
🇨🇴 Berbers · Colombia
1054
+16
🇨🇴 Danes · Colombia
1024
+17
🇵🇪 Persians · Peru
1014
+17
🇲🇽 Celts · Mexico
1201
-23
🇨🇱 Cumans · Chile
1043
-16
🇲🇽 Koreans · Mexico
984
-14
🇲🇽 Britons · Mexico
945
-12
Slayer
6:57 Feudal Age
10:17 Loom
12:45 Castle Age
11:24 Horse Collar
11:45 Double-Bit Axe
16:43 Wheelbarrow
16:12 Town Watch
18:10 Hand Cart
24:56 Imperial Age
24:00 Ballistics
23:56 Padded Archer Armor
23:47 Fletching
25:25 Leather Archer Armor
25:07 Bodkin Arrow
26:23 Conscription
26:11 Butalmapu
27:18 Gold Mining
27:33 Elite Bolas Rider
28:53 Gold Shaft Mining
28:38 Town Patrol
30:07 Ring Archer Armor
30:20 Conscription
30:20 Heavy Plow
30:33 Bow Saw
31:03 Malon
31:11 Elite Genitour
33:23 Chemistry
39:01 Elite Kona
39:54 Forging
41:10 Iron Casting
45:55 Blast Furnace
Jarothi
7:10 Feudal Age
8:05 Horse Collar
8:11 Double-Bit Axe
8:44 Loom
13:38 Castle Age
12:28 Arson
12:54 Scale Mail Armor
13:04 Forging
14:45 Bow Saw
14:36 Heavy Plow
14:42 Gold Mining
17:08 Town Watch
18:11 Gold Shaft Mining
18:24 Squires
20:15 Chain Mail Armor
23:07 Stone Mining
26:06 Imperial Age
28:18 Conscription
30:26 Iron Casting
30:43 Wheelbarrow
30:09 Town Patrol
30:48 Plate Mail Armor
29:48 Hamask
31:22 Elite Jomsviking
34:29 Blast Furnace
34:02 Plate Mail Armor
40:41 Blast Furnace
RTMatutino
2:50 Loom
10:37 Feudal Age
11:18 Horse Collar
11:24 Double-Bit Axe
12:47 Wheelbarrow
15:34 Castle Age
14:05 Gold Mining
15:12 Town Watch
15:41 Fletching
15:51 Padded Archer Armor
16:14 Kasbah
16:20 Husbandry
16:30 Bloodlines
17:47 Hand Cart
17:51 Heavy Plow
18:54 Bodkin Arrow
19:14 Leather Archer Armor
21:13 Town Patrol
23:28 Gold Shaft Mining
23:24 Bow Saw
30:18 Imperial Age
28:36 Stone Mining
30:44 Stone Shaft Mining
31:06 Ballistics
30:58 Masonry
30:32 Treadmill Crane
31:24 Conscription
32:07 Bracer
32:37 Ring Archer Armor
31:59 Elite Genitour
34:15 Heavy Camel Rider
35:31 Forging
35:27 Scale Barding Armor
36:16 Maghrebi Camels
37:10 Iron Casting
37:37 Fortified Wall
alavin alaban
7:20 Feudal Age
8:57 Double-Bit Axe
11:15 Castle Age
9:59 Horse Collar
14:05 Heavy Plow
18:11 Gold Mining
21:35 Wheelbarrow
21:57 Bow Saw
22:07 Stone Mining
24:18 Stone Shaft Mining
24:21 Gold Shaft Mining
24:10 Scale Barding Armor
24:06 Scale Mail Armor
26:08 Hand Cart
28:31 Imperial Age
26:21 Hand Cart
25:52 Town Watch
25:54 Loom
27:12 Town Patrol
29:24 Forging
29:30 Chain Mail Armor
29:35 Chain Barding Armor
30:10 Fletching
30:56 Iron Casting
30:21 Padded Archer Armor
31:01 Conscription
31:36 Ballistics
32:16 Chemistry
34:05 Plate Mail Armor
34:11 Plate Barding Armor
33:32 Bodkin Arrow
33:27 Elite War Elephant
35:37 Leather Archer Armor
35:17 Bodkin Arrow
35:57 Plate Mail Armor
36:36 Blast Furnace
36:12 Plate Barding Armor
39:16 Two-Man Saw
39:44 Caravan
40:14 Coinage
39:55 Guilds
41:07 Ring Archer Armor
41:35 Banking
42:08 Kamandaran
Susheiro
12:04 Feudal Age
17:47 Castle Age
16:06 Double-Bit Axe
16:04 Horse Collar
17:41 Fletching
17:59 Gold Mining
21:31 Crossbowman
23:21 Bodkin Arrow
24:43 Loom
26:27 Town Watch
28:57 Wheelbarrow
30:21 Bow Saw
34:13 Imperial Age
32:49 Thumb Ring
35:41 Arbalester
36:25 Bracer
37:05 Gold Shaft Mining
39:17 Block Printing
39:27 Fervor
39:57 Sanctity
41:23 Theocracy
BP Charly
8:18 Feudal Age
12:01 Castle Age
10:07 Double-Bit Axe
14:03 Loom
14:00 Horse Collar
21:06 Bow Saw
24:26 Heavy Plow
24:28 Gold Mining
27:59 Imperial Age
26:53 Yeomen
27:15 Ballistics
28:32 Gold Shaft Mining
28:00 Fletching
28:10 Padded Archer Armor
28:23 Forging
29:56 Chemistry
28:55 Bodkin Arrow
29:15 Leather Archer Armor
30:15 Wheelbarrow
29:46 Bracer
29:26 Elite Longbowman
34:32 Two-Man Saw
35:33 Ring Archer Armor
39:31 Pikeman
40:11 Squires
39:57 Arson
40:45 Halberdier
MEERIYEINMMD
8:06 Feudal Age
12:32 Castle Age
10:55 Double-Bit Axe
11:08 Horse Collar
13:24 Bow Saw
13:16 Heavy Plow
13:09 Gold Mining
17:16 Man-at-Arms
17:42 Gambesons
17:59 Scale Mail Armor
18:15 Forging
18:03 Long Swordsman
21:16 Wheelbarrow
21:01 Chain Mail Armor
24:09 Gold Shaft Mining
29:11 Iron Casting
31:36 Imperial Age
30:49 Hand Cart
32:05 Capped Ram
34:15 Plate Mail Armor
35:37 Pikeman
36:02 Arson
ELEG TIRANO
9:16 Feudal Age
11:36 Double-Bit Axe
11:36 Horse Collar
16:07 Castle Age
14:11 Gold Mining
15:39 Stone Mining
18:26 Loom
19:17 Wheelbarrow
18:27 Town Watch
27:15 Imperial Age
26:11 Hand Cart
25:57 Town Patrol
26:09 Forging
28:04 Bow Saw
27:59 Heavy Plow
28:37 Iron Casting
28:07 Scale Barding Armor
28:25 Bloodlines
29:18 Elite Steppe Lancer
32:16 Blast Furnace
31:37 Chain Barding Armor
36:27 Light Cavalry
38:31 Plate Barding Armor
42:29 Scale Mail Armor
41:51 Pikeman
42:31 Squires
42:17 Arson
44:43 Chain Mail Armor
45:10 Hussar
45:44 Halberdier
Connection lost

Rejoining the realm…

Still unreachable

The connection could not be restored.

Session expired

The server has moved on; the page needs a fresh start.